 Dungeon Crawl Stone Soup version 0.30-a0-1116-gebefce21f7 (webtiles) character file.

Game seed: 16639058942189842459

78204 jasper the Fighter (level 14, -9/126 HPs)
             Began as a Demigod Conjurer on Apr 21, 2023.
             Shot with a bolt by a tengu warrior (19 damage)
             ... on level 14 of the Dungeon.
             The game lasted 00:57:41 (26180 turns).

jasper the Fighter (Demigod Conjurer)              Turns: 26180, Time: 00:57:42

Health: -9/126     AC: 13    Str:  8    XL:     14   Next: 76%
Magic:  1/35       EV: 18    Int: 37    God:
Gold:   731        SH:  5    Dex: 12    Spells: 3/37 levels left

rFire   . . .      SeeInvis .    a - staff of conjuration
rCold   . . .      Faith    .    G - +0 buckler {reflect}
rNeg    . . .      Spirit   .    F - +0 steam dragon scales
rPois   +          Reflect  +    M - +1 helmet {Int+3}
rElec   .          Rampage  .    C - +2 cloak
rCorr   .                        E - +0 pair of gloves
Will    +....                    N - +0 pair of boots
Stlth   ++                       i - amulet of magic regeneration
HPRegen 0.41/turn                I - +5 ring of evasion
MPRegen 0.64/turn                U - ring of poison resistance

@: no status effects
A: high MP 1, forlorn, divine attributes, dopey 1, shaggy fur 1, MP-powered
wands
a: no special abilities


You were on level 14 of the Dungeon.
You visited 4 branches of the dungeon, and saw 22 of its levels.
You also visited: Gauntlet.

You collected 1959 gold pieces.
You spent 1228 gold pieces at shops.

Inventory:

Missiles
 d - 7 curare-tipped darts
 e - 8 throwing nets
 x - 32 poisoned darts
 y - 3 boomerangs of dispersal
 K - 15 javelins
Armour
 l - a +0 kite shield
 C - a +2 cloak (worn)
 E - a +0 pair of gloves (worn)
 F - +0 steam dragon scales (worn)
 G - a +0 buckler of reflection (worn)
 M - a +1 helmet of intelligence (worn)
 N - a +0 pair of boots (worn)
 P - a scarf of resistance
Magical Staves
 a - a staff of conjuration (weapon)
 W - a staff of air
Jewellery
 i - an amulet of magic regeneration (around neck)
 q - an amulet of the acrobat
 s - a ring of wizardry
 z - an amulet of regeneration
 A - a ring of fire
 I - a +5 ring of evasion (left hand)
 U - a ring of poison resistance (right hand)
Wands
 w - a wand of flame (7)
 D - a wand of quicksilver (2)
 R - a wand of polymorph (5)
 T - a wand of digging (3)
Scrolls
 g - 5 scrolls of fear
 h - 8 scrolls of teleportation
 m - 3 scrolls of identify
 n - a scroll of blinking
 r - a scroll of magic mapping
 L - 3 scrolls of vulnerability
 O - 2 scrolls of immolation
 Q - 2 scrolls of silence
 V - 4 scrolls of enchant armour
 X - 3 scrolls of fog
 Y - 4 scrolls of poison
Potions
 b - 5 potions of magic
 c - 14 potions of curing
 j - 7 potions of mutation
 k - 3 potions of heal wounds
 o - a potion of ambrosia
 p - a potion of resistance
 t - 3 potions of invisibility
 u - 5 potions of flight
 v - 4 potions of haste
 B - a potion of might
 H - a potion of attraction
 J - a potion of lignification
 S - a potion of brilliance
 Z - a potion of cancellation
Miscellaneous
 f - a lightning rod (4/4)


   Skills:
 - Level 12.2 Fighting
 - Level 6.0 Dodging
 - Level 1.7 Stealth
 - Level 4.0 Shields
 + Level 12.1 Spellcasting
 - Level 7.3 Conjurations
 - Level 7.0 Hexes
 - Level 5.0 Necromancy
 - Level 3.2 Translocations
 - Level 7.4 Transmutations
 - Level 10.0 Earth Magic


You had 3 spell levels left.
You knew the following spells:

 Your Spells              Type           Power      Damage    Failure   Level
a - Lee's Rapid Deconstr  Erth           38%        3d19*     1%          5
b - Searing Ray           Conj           100%       2d8       1%          2
c - Fulminant Prism       Conj/Hex       42%        3d19      1%          4
d - Iskenderun's Mystic   Conj/Tloc      75%        2d15      2%          4
e - Apportation           Tloc           92%        N/A       1%          1
f - Yara's Violent Unrav  Hex/Tmut       33%        3d14      3%          5
g - Irradiate             Conj/Tmut      43%        3d26      3%          5
h - Statue Form           Tmut/Erth      48%        N/A       10%         6
i - Sublimation of Blood  Necr           56%        N/A       1%          2

Your spell library contained the following spells:

 Spells                   Type           Power      Damage    Failure   Level
 Beastly Appendage        Tmut           100%       N/A       1%          1
 Magic Dart               Conj           100%       1d8       1%          1
 Sandblast                Erth           100%       2d20      1%          1
 Cigotuvi's Dreadful Rot  Necr/Pois/Air  68%        N/A       1%          2
 Ensorcelled Hibernation  Hex/Ice        96%        N/A       1%          2
 Lesser Beckoning         Tloc           92%        N/A       1%          2
 Passwall                 Tmut/Erth      60%        N/A       1%          2
 Wereblood                Tmut           67%        N/A       1%          2
 Dazzling Flash           Conj/Hex       100%       N/A       1%          3
 Gell's Gravitas          Tloc           46%        N/A       1%          3
 Spider Form              Tmut/Pois      49%        N/A       1%          3
 Stone Arrow              Conj/Erth      100%       3d13      1%          3
 Summon Guardian Golem    Hex/Summ       48%        N/A       1%          3
 Teleport Other           Tloc           46%        N/A       1%          3
 Ignite Poison            Fire/Tmut/Pois 40%        N/A       2%          3
 Scorch                   Fire           44%        2d7       3%          2
 Vhi's Electric Charge    Tloc/Air       68%        N/A       3%          3
 Anguish                  Hex/Necr       30%        N/A       1%          4
 Cause Fear               Hex            32%        N/A       1%          4
 Leda's Liquefaction      Hex/Erth       35%        N/A       1%          4
 Petrify                  Tmut/Erth      72%        N/A       1%          4
 Iskenderun's Battlesphe  Conj           86%        2d13      3%          5
 Iron Shot                Conj/Erth      46%        9d9       10%         6
 Alistair's Intoxication  Tmut/Pois      32%        N/A       13%         5
 Arcjolt                  Conj/Air       32%        1d42      14%         5
 Fireball                 Conj/Fire      32%        3d14      14%         5
 Metabolic Englaciation   Hex/Ice        24%        N/A       14%         5
 Freezing Cloud           Conj/Ice/Air   28%        6-21      22%         5
 Starburst                Conj/Fire      32%        6d10      58%         6
 Plasma Beam              Fire/Air       11%        2x1d24    98%         6
 Spellforged Servitor     Conj/Summ      32%        N/A       99%         7
 Ozocubu's Refrigeration  Ice            11%        4d9       100%        7
 Summon Hydra             Summ           11%        N/A       100%        7
 Maxwell's Capacitive Co  Air            11%        ∞         100%        8
 Necromutation            Tmut/Necr      31%        N/A       100%        8


Dungeon Overview and Level Annotations

Branches:
Dungeon (14/15)            Temple (0/1) D:5            Lair (5/5) D:10
  Swamp (0/4) Lair:3        Snake (0/4) Lair:3        Slime (0/5) Lair:4
    Orc (2/2) D:12            Elf (1/3) Orc:2       Gauntlet (visited)
 Vaults: D:13-14

Shops:
D:7 (   Orc:2 [***

Annotations:
D:13 Rupert
Lair:1 exclusion: oklob plant


Innate Abilities, Weirdness & Mutations

You have an increased reservoir of magic. (+10% MP)
You shall have no god before yourself.
Your divine heritage dramatically boosts your attributes as you level up.
You are dopey. (Int -2)
You are covered in fur. (AC +1)
You expend magic power (3 MP) to strengthen your wands.


Message History

a +0 shortbow; a wand of digging (7); a centaur corpse You take 8 damage, and have 29/126 hp.
The centaur shoots an arrow.
The arrow completely misses you.
The arrow hits the tengu warrior.
The tengu warrior unwields a +0 arbalest.
The tengu warrior wields a +0 great sword.
The tengu warrior hits you with a +0 great sword!
* * * LOW HITPOINT WARNING * * *
You block the tengu warrior's attack. The tengu warrior closely misses you.
You take 8 damage, and have 21/126 hp.
You hit the tengu warrior.
The tengu warrior is moderately wounded.
The centaur shoots an arrow.
The arrow hits you.
* * * LOW HITPOINT WARNING * * *
The centaur shoots an arrow.
The arrow closely misses you.
The arrow misses the tengu warrior.
The tengu warrior hits you with a +0 great sword.
* * * LOW HITPOINT WARNING * * *
The tengu warrior pecks you but does no damage.
The tengu warrior claws you.
* * * LOW HITPOINT WARNING * * *
You take 11 damage, and have 10/126 hp.
Casting: Lee's Rapid Deconstruction (mildly dangerous; 1% risk of failure)
Confirm with . or Enter, or press ? or * to list all spells.
You feel a surge of power!
You erupt in a blast of force!
The mystic blast hits the centaur!!
You kill the centaur!
The mystic blast hits the tengu warrior!
The tengu warrior is heavily wounded.
The tengu warrior is knocked back by the mystic blast.
You now have 3/35 mp.
Aiming: Quicksilver Bolt
Press: ? - help, Shift-Dir - straight line, f - tengu warrior
Aim: a tengu warrior, wielding a +0 great sword and wearing a +0 leather armour (heavily wounded, 46% to hit)
The bolt of dispelling energy hits the tengu warrior!
The tengu warrior is severely wounded.
The tengu warrior unwields a +0 great sword.
The tengu warrior wields a +0 arbalest.
The tengu warrior shoots a bolt.
The bolt hits you!!
You die...

≈.#. #... #..
### #[. c. #.#
#. #.# #
#)####.###)###
#)).))@..Q...)
######<.)..###
#####.# #


You could see a tengu warrior.

Vanquished Creatures
  Azrael (Orc:2)
  A minotaur (Gauntlet)
  Josephine (Lair:3)
  A hydra (Lair:2)
  2 centaur warriors
  5 two-headed ogres
  16 death yaks
  A dancing weapon (Elf:1)
  A catoblepas (Lair:3)
  An orc high priest (Orc:2)
  2 tengu warriors
  Sonja (Lair:1)
  2 spectral death yaks (Lair:5)
  Amaemon (Lair:3)
  A spectral anaconda (Lair:5)
  2 glowing orange brains (Gauntlet)
  A deep elf archer (Elf:1)
  An obsidian statue (Lair:5)
  6 deep elf zephyrmancers (Elf:1)
  4 deep elf pyromancers
  3 necromancers (Lair:5)
  An orc knight (Orc:1)
  2 ugly things
  5 orc sorcerers (Orc:2)
  19 elephants
  Joseph (D:8)
  2 black mambas (Lair:4)
  A guardian serpent (Lair:3)
  12 cane toads
  A torpor snail (Lair:5)
  A gargoyle (D:11)
  2 unseen horrors
  An orange demon (Lair:3)
  8 rime drakes
  A dire elephant skeleton (Lair:5)
  3 komodo dragons
  3 kobold demonologists
  Psyche (D:8)
  2 tengu conjurers (Gauntlet)
  4 trolls
  23 blink frogs
  A polar bear (Lair:2)
  3 hornets
  Prince Ribbit (D:8)
  A spectral elephant (Lair:5)
  2 dire elephant simulacra (Lair:5)
  38 yaks
  6 wyverns
  8 wraiths
  Grum (D:8)
  5 fire elementals
  A steam dragon (Lair:2)
  5 basilisks
  3 wargs
  4 vampire mosquitoes (Lair:3)
  3 spectral cane toads (Lair:5)
  3 acid dragons (D:11)
  2 hell hounds
  14 water moccasins
  22 orc warriors
  6 small abominations (Gauntlet)
  3 ice beasts
  4 elephant zombies (Lair:5)
  2 black bears
  4 ogres
  11 centaurs
  An elephant skeleton (Lair:5)
  13 wolves
  2 phantoms
  5 kobold brigands
  9 bullfrogs
  3 gnoll sergeants
  2 cane toad simulacra (Lair:5)
  2 scorpions
  4 wights (D:9)
  4 killer bees (D:8)
  4 howler monkeys (D:9)
  A crimson imp (D:4)
  2 jellies
  22 orc priests
  4 hounds
  A gnoll bouda (D:9)
  A sleepcap (D:6)
  Natasha (thrice) (D:2)
  An iguana (D:7)
  30 orc wizards
  7 hell rats
  Robin (D:2)
  17 gnolls
  2 river rats (D:10)
  9 adders
  3 ufetubi
  3 worms
  2 dart slugs
  68 orcs
  4 bats
  8 endoplasms
  3 giant cockroaches
  19 goblins
  11 hobgoblins
  9 jackals
  12 kobolds
  9 quokkas
  3 training dummies (D:7)
  6 ball pythons
  5 frilled lizards
  9 rats
  A butterfly (Lair:1)
625 creatures vanquished.

Vanquished Creatures (others)
  A centaur warrior (D:14)
  An orc priest (Orc:2)
  2 orcs (Orc:2)
  A demonic plant (Gauntlet)
  73 fulminant prisms
  30 fungi
  43 plants
  40 withered plants
191 creatures vanquished.

Grand Total: 816 creatures vanquished

Notes
Turn   | Place    | Note
-------+----------+-------------------------------------------
     0 | D:1      | jasper the Demigod Conjurer began the quest for the Orb.
     0 | D:1      | Reached XP level 1. HP: 14/14 MP: 5/5
   360 | D:1      | Reached XP level 2. HP: 20/20 MP: 4/7
   420 | D:1      | Reached skill level 1 in Shields
  1151 | D:2      | Noticed Natasha
  1168 | D:1      | Learned a level 2 spell: Searing Ray
  1185 | D:2      | Noticed Robin
  1188 | D:2      | Reached XP level 3. HP: 17/26 MP: 2/8
  1270 | D:2      | Killed Robin
  1704 | D:2      | Killed Natasha
  1705 | D:2      | Reached XP level 4. HP: 33/33 MP: 3/9
  1990 | D:2      | Noticed Natasha
  1995 | D:2      | Killed Natasha
  2034 | D:2      | Noticed Natasha
  2043 | D:2      | Killed Natasha
  2051 | D:2      | Learned a level 4 spell: Fulminant Prism
  2292 | D:3      | Reached XP level 5. HP: 38/38 MP: 7/11
  2627 | D:3      | Reached skill level 1 in Hexes
  3354 | D:3      | Reached XP level 6. HP: 44/45 MP: 6/12
  4984 | D:4      | Identified a scroll of acquirement
  5060 | D:4      | Acquired the Compendium of Variation
  5075 | D:5      | Entered Level 5 of the Dungeon
  5086 | D:5      | Reached skill level 5 in Conjurations
  5306 | D:5      | Acquired an amulet of magic regeneration
  5333 | D:5      | Reached XP level 7. HP: 50/50 MP: 8/13
  5604 | D:5      | Found a staircase to the Ecumenical Temple.
  6177 | D:6      | Reached skill level 5 in Hexes
  6330 | D:6      | Reached XP level 8. HP: 47/57 MP: 5/15
  6336 | D:6      | Learned a level 4 spell: Iskenderun's Mystic Blast
  6410 | D:6      | Reached skill level 1 in Translocations
  7152 | D:7      | Learned a level 1 spell: Apportation
  7393 | D:7      | Found Amegen's Firing Range.
  7402 | D:7      | Bought a throwing net for 48 gold pieces
  7759 | D:8      | Noticed Prince Ribbit
  7766 | D:8      | Killed Prince Ribbit
  7767 | D:8      | Reached XP level 9. HP: 58/72 MP: 11/17
  7876 | D:8      | Reached skill level 5 in Fighting
  8054 | D:8      | Noticed Grum
  8065 | D:8      | Killed Grum
  8497 | D:8      | Noticed Psyche
  8517 | D:8      | Killed Psyche
  8895 | D:8      | Noticed Joseph
  8907 | D:8      | Killed Joseph
  9502 | D:9      | Reached XP level 10. HP: 56/91 MP: 10/18
  9966 | D:9      | Reached skill level 10 in Fighting
 10102 | D:9      | Found the +4 skin of Zhor {*Englaciate rC+++ SInv}
 10174 | D:9      | Noticed a +0 hand axe
 10176 | D:9      | Noticed a +0 hand axe
 10362 | D:10     | Entered Level 10 of the Dungeon
 10372 | D:10     | Noticed a death yak
 10373 | D:10     | Noticed a death yak
 10388 | D:10     | Noticed a death yak
 10906 | D:11     | Noticed a two-headed ogre
 10916 | D:11     | Killed a two-headed ogre
 11086 | D:11     | Reached skill level 5 in Dodging
 11167 | D:11     | Noticed a green ugly thing
 11177 | D:11     | Killed a green ugly thing
 11785 | D:12     | Reached XP level 11. HP: 89/102 MP: 4/19
 11913 | D:12     | Noticed a deep elf pyromancer
 11978 | D:10     | Learned a level 5 spell: Yara's Violent Unravelling
 12063 | D:10     | Found a staircase to the Lair.
 12090 | D:10     | Noticed a sixfirhy
 12214 | D:10     | Killed a death yak
 12215 | D:10     | Reached skill level 5 in Spellcasting
 12257 | D:10     | Killed a death yak
 12260 | D:10     | Killed a death yak
 12267 | D:10     | Learned a level 5 spell: Irradiate
 13261 | Lair:1   | Entered Level 1 of the Lair of Beasts
 13384 | Lair:1   | Reached skill level 1 in Transmutations
 13677 | Lair:1   | Noticed Sonja
 13690 | Lair:1   | Killed Sonja
 14670 | Lair:2   | Reached XP level 12. HP: 109/110 MP: 16/27
 14968 | Lair:2   | Noticed a five-headed hydra
 14981 | Lair:2   | Killed a five-headed hydra
 14982 | Lair:2   | Reached skill level 5 in Transmutations
 15613 | Lair:3   | Noticed Amaemon
 15628 | Lair:3   | Noticed Josephine
 15914 | Lair:3   | Killed Amaemon
 15930 | Lair:3   | Found a gate leading to a gauntlet.
 15947 | Gauntlet | Entered a Gauntlet
 15947 | Gauntlet | Found a transporter.
 15997 | Gauntlet | Found a transporter.
 15999 | Gauntlet | Found a transporter.
 16010 | Gauntlet | Found a transporter.
 16013 | Gauntlet | Found a transporter.
 16028 | Gauntlet | Found a transporter.
 16039 | Gauntlet | Found a transporter.
 16039 | Gauntlet | Noticed a hell beast
 16046 | Gauntlet | Noticed a minotaur
 16050 | Gauntlet | Found a transporter.
 16062 | Gauntlet | Found a transporter.
 16072 | Gauntlet | Found a runed translucent door.
 16074 | Gauntlet | Found a runed translucent door.
 16076 | Gauntlet | Found a transporter.
 16091 | Gauntlet | Found a transporter.
 16092 | Gauntlet | Found a transporter.
 16102 | Gauntlet | Found a transporter.
 16156 | Gauntlet | Found a transporter.
 16245 | Gauntlet | Reached skill level 10 in Spellcasting
 16550 | Gauntlet | Learned a level 6 spell: Statue Form
 16565 | Gauntlet | Killed a minotaur
 16615 | Gauntlet | Identified the +1 sling of Responsibility {heavy, rF+
                  | Will+}
 16616 | Gauntlet | Got the Catalogue of Unfortunate Incineration
 16616 | Gauntlet | Got the Catalogue of Scorched Firn
 16624 | Gauntlet | Learned a level 5 spell: Lee's Rapid Deconstruction
 16845 | Lair:3   | Found a staircase to the Snake Pit.
 16864 | Lair:3   | Noticed a catoblepas
 16877 | Lair:3   | Killed a catoblepas
 16878 | Lair:3   | Reached skill level 1 in Earth Magic
 16889 | Lair:3   | Found a staircase to the Swamp.
 17356 | Lair:3   | Reached XP level 13. HP: 71/114 MP: 12/32
 17356 | Lair:3   | Killed Josephine
 18004 | Lair:4   | Reached skill level 5 in Earth Magic
 19130 | Lair:4   | Found a staircase to the Slime Pits.
 19591 | D:12     | Found a staircase to the Orcish Mines.
 19822 | D:12     | Identified the +1 robe of Nadeg {Str-4 Dex+4}
 19977 | Orc:1    | Entered Level 1 of the Orcish Mines
 20118 | Orc:2    | Entered Level 2 of the Orcish Mines
 20734 | Orc:2    | Found a staircase to the Elven Halls.
 20781 | Orc:2    | Noticed Azrael
 20782 | Orc:2    | Reached skill level 10 in Earth Magic
 21384 | Orc:2    | Killed Azrael
 21384 | Orc:2    | Paralysed by an orc sorcerer for 4 turns
 21604 | Orc:2    | Paralysed by an orc sorcerer for 5 turns
 21986 | Orc:2    | Reached XP level 14. HP: 67/124 MP: 4/33
 22164 | Orc:2    | Gained mutation: You are frail. (-10% HP) [a neqoxec]
 22165 | Orc:2    | Paralysed by an orc sorcerer for 4 turns
 22167 | Orc:2    | Gained mutation: You are occasionally teleported next to
                  | monsters. [a neqoxec]
 22554 | Orc:2    | Found Tusocipaept's Antique Armour Emporium.
 22554 | Orc:2    | Found Ohoast's Assorted Antiques.
 22555 | Orc:2    | Found Lioxy's General Store.
 22559 | Orc:2    | Found Owyseelu's General Store.
 22564 | Orc:2    | Bought a book of Blood for 448 gold pieces
 22564 | Orc:2    | Bought a potion of heal wounds for 80 gold pieces
 22564 | Orc:2    | Bought a potion of heal wounds for 80 gold pieces
 22565 | Orc:2    | Bought a potion of haste for 110 gold pieces
 22565 | Orc:2    | Bought a book of Power for 462 gold pieces
 22615 | Orc:2    | Learned a level 2 spell: Sublimation of Blood
 22641 | Elf:1    | Entered Level 1 of the Elven Halls
 22644 | Elf:1    | Reached skill level 1 in Necromancy
 23015 | Elf:1    | Noticed a deep elf sorcerer
 23130 | Lair:5   | Entered Level 5 of the Lair of Beasts
 23247 | Lair:5   | Identified the +6 quarterstaff of Premature Burial {vamp,
                  | Fragile rN+ Str+3}
 23303 | Lair:5   | Reached skill level 5 in Necromancy
 23635 | Lair:5   | Lost mutation: You are frail. (-10% HP) [potion of
                  | mutation]
 23635 | Lair:5   | Lost mutation: You are occasionally teleported next to
                  | monsters. [potion of mutation]
 23635 | Lair:5   | Gained mutation: You have large cloven feet. [potion of
                  | mutation]
 23635 | Lair:5   | Gained mutation: You are dopey. (Int -2) [potion of
                  | mutation]
 23635 | Lair:5   | Gained mutation: Your flesh is heat resistant. (rF+)
                  | [potion of mutation]
 23636 | Lair:5   | Lost mutation: Your flesh is heat resistant. (rF+) [potion
                  | of mutation]
 23636 | Lair:5   | Lost mutation: You have large cloven feet. [potion of
                  | mutation]
 23636 | Lair:5   | Gained mutation: Your flesh is cold resistant. (rC+)
                  | [potion of mutation]
 23636 | Lair:5   | Gained mutation: Your spells are a little easier to cast,
                  | but a little less powerful. [potion of mutation]
 23636 | Lair:5   | Gained mutation: You expend magic power (3 MP) to
                  | strengthen your wands. [potion of mutation]
 23637 | Lair:5   | Lost mutation: Your spells are a little easier to cast, but
                  | a little less powerful. [potion of mutation]
 23637 | Lair:5   | Lost mutation: Your flesh is cold resistant. (rC+) [potion
                  | of mutation]
 23637 | Lair:5   | Gained mutation: You do not regenerate when monsters are
                  | visible. [potion of mutation]
 23637 | Lair:5   | Lost mutation: You do not regenerate when monsters are
                  | visible. [potion of mutation]
 23637 | Lair:5   | Gained mutation: You are covered in fur. (AC +1) [potion of
                  | mutation]
 25957 | D:13     | Noticed Rupert
 26180 | D:14     | Shot with a bolt by a tengu warrior

Illustrated notes

Levels and vault maps discovered:
D:1:      grunt_arrival_lava_bath, layout_loops_ring
D:2:      layout_rooms, minmay_circled_x, uniq_robin, uniq_natasha
D:3:      layout_loops_corners, mainiacjoe_overflow_boulevard,
          nicolae_ru_sacrificial_ziggurat
D:4:      layout_basic, grunt_temple_overflow_champion_of_chaos
D:5:      layout_loops_ring, nicolae_elyvilon_peaceful_grove,
          minmay_temple_entry_proselytizer
D:6:      layout_loops_cross, nicolae_hexahallways, kennysheep_generic_room_15
D:7:      layout_cave_pools, kennysheep_little_box,
          nicolae_wu_jian_wuxing_cycle, nicolae_shop_firing_range
D:8:      layout_basic, marbit_many_paths, old_standard_altar,
          lemuel_coloured_pillars_altar, uniq_psyche, uniq_grum,
          uniq_prince_ribbit1, uniq_joseph
D:9:      layout_long_grid, dancing_weapons_uskayaw,
          hellmonk_guarded_unrand_zhor
D:10:     layout_basic, zin_treasury, nicolae_gozag_seed_capital,
          dpeg_lair_monsters
D:11:     layout_loops_cross, minmay_holes, minivault_10
D:12:     layout_irregular_city, orc_0_dummy, yredelemnul_altar_generic
D:13:     layout_basic, uniq_rupert
D:14:     layout_loops_ring, erik_vaults_1, serial_shops, shop,
          chequers_serial_rivers_small_b, the_hattery
Lair:1:   layout_roguey, chequers_serial_rivers_micro_d, grunt_megastairs_3,
          serial_bayou_shore_b, infiniplex_staircase_pool, lemuel_fruit_fields,
          lemuel_fruit_tree, uniq_sonja
Lair:2:   layout_chaotic_city, chequers_serial_rivers_micro_e, st_stairs_4,
          chequers_serial_rivers_small_a, grunt_megastairs_1
Lair:3:   layout_regular_city, minmay_swamp_entry_swarm,
          minmay_snake_entry_spellcaster, gauntlet_entry_generic,
          serial_bayou_shore_b, infiniplex_staircase_pool_2, uniq_josephine,
          uniq_amaemon
Lair:4:   layout_misc_corridors, dpeg_slime_entry_corner, beast_lair_carwin_7,
          grunt_megastairs_5, serial_bayou_shore_a
Lair:5:   due_jungle_book, layout_cave_pods
Orc:1:    nicolae_orc_accident_3, layout_diamond_mine
Orc:2:    st_orc_mages, layout_diamond_mine, uniq_azrael
Elf:1:    minmay_elf_arrival_plus, layout_geoelf_grid,
          kennysheep_underground_church, nicolae_rare_books

Skill      XL: |  1  2  3  4  5  6  7  8  9 10 11 12 13 14 |
---------------+-------------------------------------------+-----
Spellcasting   | 2 3 7 11 12 | 12.1
Shields        | 2 3 4 |  4.0
Conjurations   | 4 5 6 7 |  7.3
Hexes          | 2 3 5 6 7 |  7.0
Translocations | 3 |  3.2
Fighting       | 4 9 11 12 | 12.2
Dodging        | 5 6 |  6.0
Transmutations | 4 5 7 |  7.4
Earth Magic    | 3 10 | 10.0
Necromancy     | 5 |  5.0
Stealth        | |  1.7

Action                     |  1- 3 |  4- 6 |  7- 9 | 10-12 | 13-15 || total
---------------------------+-------+-------+-------+-------+-------++-------
  Melee: Unarmed           |    18 |       |       |       |       ||    18
         Dagger            |     9 |     4 |       |       |       ||    13
         Hand axe          |       |    17 |       |       |       ||    17
         War axe           |       |    11 |    46 |     7 |       ||    64
         Flail             |       |       |       |    35 |       ||    35
         Staff             |       |       |       |    22 |    99 ||   121
  Throw: Dart              |       |       |       |     2 |       ||     2
   Cast: Magic Dart        |    81 |   101 |    64 |    53 |       ||   299
         Searing Ray       |     6 |    30 |    49 |    45 |    13 ||   143
         Iskenderun's Myst |       |       |    12 |   170 |   140 ||   322
         Fulminant Prism   |       |       |    12 |    44 |    17 ||    73
         Irradiate         |       |       |       |     1 |    14 ||    15
         Lee's Rapid Decon |       |       |       |       |   226 ||   226
         Statue Form       |       |       |       |       |     5 ||     5
         Sublimation of Bl |       |       |       |       |     2 ||     2
  Evoke: Wand              |       |       |       |    18 |     6 ||    24
         Lightning rod     |       |       |       |       |     3 ||     3
    Use: Scroll            |       |    14 |    10 |     5 |     6 ||    35
         Potion            |       |       |       |     5 |     6 ||    11
 Armour: Robe              |    15 |    14 |    49 |    34 |       ||   112
         Steam dragon scal |       |       |       |    22 |    62 ||    84
         Skin              |       |       |       |     2 |    40 ||    42
  Dodge: Dodged            |    31 |    35 |   111 |   247 |   272 ||   696
  Block: Buckler           |       |    12 |    40 |    87 |    81 ||   220
         Reflection        |       |       |       |       |     7 ||     7

Table legend: (Time is in decaauts)
 A = Elapsed time spent in this place.
 B = Non-inter-level travel time spent in this place.
 C = Inter-level travel time spent in this place.
 D = Time resting spent in this place.
 E = Time spent auto-exploring this place.
 F = Levels seen in this place.
 G = Mean time per level.
                   A        B        C        D        E       F      G
               +--------+--------+--------+--------+--------+-----+--------+
         Total |  26592 |  25460 |   1132 |   3672 |  17700 |  23 | 1156.2 |
       Dungeon |  14790 |  14098 |    692 |   1142 |  10851 |  14 | 1056.4 |
          Lair |   7837 |   7496 |    341 |   1244 |   4967 |   5 | 1567.4 |
  Orcish Mines |   3095 |   2997 |     98 |   1041 |   1482 |   2 | 1547.5 |
   Elven Halls |     42 |     42 |      0 |     21 |      0 |   1 |   42.0 |
      Gauntlet |    826 |    826 |      0 |    224 |    399 |   1 |  826.0 |
               +--------+--------+--------+--------+--------+-----+--------+

Top non-repeatable levels by time:
  Lair:5: 2266 daAuts
   Orc:1: 1704 daAuts
     D:3: 1615 daAuts
    D:10: 1562 daAuts
     D:8: 1554 daAuts
  Lair:1: 1550 daAuts
  Lair:3: 1503 daAuts
  Lair:4: 1410 daAuts
   Orc:2: 1391 daAuts
    D:12: 1276 daAuts
     D:1: 1263 daAuts
     D:4: 1188 daAuts
     D:9: 1181 daAuts
    D:11: 1133 daAuts
  Lair:2: 1106 daAuts
